 Dungeon Crawl Stone Soup version 0.26.0-45-g9c1d065592 (webtiles) character file.

Game seed: 5391733214057987864

(classic levelgen) 117 thiole the Magician (level 5, -2/31 HPs)
             Began as an Octopode Hedge Wizard on Feb 1, 2021.
             Slain by Grinder (10 damage)
             ... on level 3 of the Dungeon.
             The game lasted 00:02:55 (3276 turns).

thiole the Magician (Octopode Hedge Wizard)         Turns: 3276, Time: 00:02:55

Health: -2/31      AC:  1    Str:  9    XL:     5   Next: 1%
Magic:  5/9        EV: 12    Int: 17    God:
Gold:   187        SH:  4    Dex: 12    Spells: 9/10 levels left

rFire    + . .     SeeInvis .   j - +3 dagger
rCold    . . .     Faith    .   l - +1 buckler {rF+}
rNeg     . . .     Spirit   .   b - +0 hat
rPois    .         Reflect  .   (no amulet)
rElec    .         Harm     .   (no ring)
rCorr    .         Rampage  .   (no ring)
Will     .....                  (no ring)
Stlth    +++.......             (no ring)
HPRegen  0.10/turn              (no ring)
MPRegen  0.11/turn              (no ring)
                                (no ring)
                                (no ring)

@: no status effects
A: almost no armour, stealthy swim, amphibious, 8 rings, constrict 8, camouflage
1, gelatinous body 1
a: no special abilities


You were on level 3 of the Dungeon.
You visited 1 branch of the dungeon, and saw 3 of its levels.

You collected 187 gold pieces.

Inventory:

Hand Weapons
 j - a +3 dagger (weapon)
Armour
 b - a +0 hat (worn)
 l - a +1 buckler of fire resistance (worn)
Scrolls
 d - 4 scrolls of identify {unknown}
 m - 2 scrolls of magic mapping {unknown}
 o - a scroll of teleportation {unknown}
 p - a scroll of remove curse {unknown}
Potions
 a - a potion of resistance {unknown}
 c - a potion of invisibility {unknown}
 e - 2 potions of curing {unknown}
 f - a potion of ambrosia {unknown}
 g - 2 potions of heal wounds {unknown}
 h - a potion of might {unknown}
 i - a potion of haste {unknown}
 k - a potion of degeneration {unknown}
 n - a potion of flight {unknown}


   Skills:
 - Level 2.0 Dodging
 - Level 2.6 Stealth
 - Level 3.0 Spellcasting
 - Level 3.0 Conjurations
 - Level 2.0 Summonings
 - Level 1.0 Translocations
 - Level 2.0 Air Magic
 + Level 1.0 Earth Magic
 + Level 1.3 Poison Magic


You had 9 spell levels left.
You knew the following spells:

 Your Spells              Type           Power        Failure   Level
a - Magic Dart            Conj           48%          9%          1

Your spell library contained the following spells:

 Spells                   Type           Power        Failure   Level
 Call Imp                 Summ           9%           19%         2
 Blink                    Tloc           N/A          28%         2
 Mephitic Cloud           Conj/Pois/Air  9%           36%         3
 Slow                     Hex            2%           41%         2
 Conjure Flame            Conj/Fire      7%           43%         3


Dungeon Overview and Level Annotations

Branches:
Dungeon (3/15)

Altars:
Dithmenos
Okawaru
Vehumet

Annotations:
D:3 1 transporter, Grinder; sizableburger's ghost, amateur DsEE


Innate Abilities, Weirdness & Mutations

You cannot wear most types of armour.
You are very stealthy in the water. (Stealth+)
You are amphibious.
You can wear up to eight rings at the same time.
You can use your tentacles to constrict eight enemies at once.
Your skin changes colour to match your surroundings (Stealth+).
Your rubbery body absorbs attacks. (AC +1, EV +1)


Message History

Aiming: Magic Dart (safe; 9% risk of failure)
Press: ? - help, Shift-Dir - straight line, f/p - Grinder
Aim: Grinder (lightly wounded, 0% to evade)
The magic dart hits Grinder.
Grinder is moderately wounded.
You barely miss Grinder. You grab Grinder.
Grinder is moderately wounded.
You constrict Grinder, but do no damage.
Grinder gestures at you. Pain shoots through your body!
You hit Grinder.
Grinder is moderately wounded.
You constrict Grinder, but do no damage.
Grinder says, "Don't move a muscle."
Grinder hits you.
You writhe in agony.
* * * LOW HITPOINT WARNING * * *
You hit Grinder but do no damage.
Grinder is moderately wounded.
You constrict Grinder. Grinder hits you!
You die...

...(÷.........#.....#
....#####.#.....#...#
....###.....#.###...#
...........##.###÷÷.#
..>........##.......#
)........(.######.###
...............#....##
..........####.#5....#
...####...# #@....#
..##..##..# #.....#
..#....#..# #.....#
.##.⌠._#..# #.....#
.#.....#### #####.#
.#....## .# .'...8# #
##....## #.....#


You could see Grinder.

Vanquished Creatures
  A hound (D:3)
  An adder (D:2)
  An ooze (D:1)
  2 worms (D:2)
  4 dart slugs
  A giant cockroach (D:2)
  8 goblins
  8 hobgoblins
  8 jackals
  2 ball pythons
  4 bats
  3 frilled lizards
  6 kobolds
  12 rats
61 creatures vanquished.

Notes
Turn   | Place    | Note
-------+----------+-------------------------------------------
     0 | D:1      | thiole the Octopode Hedge Wizard began the quest for the
                  | Orb.
     0 | D:1      | Reached XP level 1. HP: 11/11 MP: 4/4
    91 | D:1      | Reached XP level 2. HP: 8/17 MP: 1/6
   655 | D:1      | Reached XP level 3. HP: 21/21 MP: 0/7
  1911 | D:2      | Reached skill level 1 in Air Magic
  1911 | D:2      | Reached XP level 4. HP: 27/27 MP: 0/8
  2376 | D:2      | Found a radiant altar of Vehumet.
  2993 | D:3      | Found an iron altar of Okawaru.
  2994 | D:3      | Found a shadowy altar of Dithmenos.
  3042 | D:3      | Reached skill level 1 in Earth Magic
  3042 | D:3      | Reached skill level 1 in Poison Magic
  3042 | D:3      | Reached XP level 5. HP: 11/31 MP: 3/9
  3244 | D:3      | Noticed sizableburger's ghost (amateur DsEE)
  3247 | D:3      | Found a transporter.
  3249 | D:3      | Noticed Grinder
  3276 | D:3      | Slain by Grinder

Illustrated notes

Levels and vault maps discovered:
D:1:      minmay_arrival_diagonal_passages, layout_rooms
D:2:      layout_rooms, vehumet_crystals
D:3:      layout_basic, gammafunk_temple_overflow_pools, gammafunk_ghost_arena,
          uniq_grinder

Skill      XL: |  1  2  3  4 |
---------------+-------------+-----
Conjurations   | 2 3 |  3.0
Summonings     | 2 |  2.0
Air Magic      | 1 2 |  2.0
Earth Magic    | 1 |  1.0
Poison Magic   | 1 |  1.3
Dodging        | |  2.0
Stealth        | |  2.6
Spellcasting   | |  3.0
Translocations | |  1.0

Action                   |  1- 3 |  4- 6 || total
-------------------------+-------+-------++-------
Melee: Dagger            |    29 |    26 ||    55
       Constrict         |    10 |     7 ||    17
       Tentacles         |     3 |     2 ||     5
 Cast: Magic Dart        |    80 |    54 ||   134
Armor: Skin              |     3 |     3 ||     6
Dodge: Dodged            |    19 |    17 ||    36
Block: Buckler           |       |     7 ||     7
